 Dungeon Crawl Stone Soup version 0.31-a0-564-g3b7de120b3 (webtiles) character file.

Game seed: 14860197968878900559

1975871 motkurizz the Slayer (level 27, 161/161 HPs)
             Began as a Vine Stalker Monk on Aug 17, 2023.
             Was the Champion of Okawaru.
             Escaped with the Orb
             ... and 3 runes!
             The game lasted 03:13:18 (52204 turns).

motkurizz the Slayer (Vine Stalker Monk)           Turns: 52204, Time: 03:13:18

Health: 161/161    AC: 54    Str: 24    XL:     27
Magic:  38/38      EV: 20    Int: 14    God:    Okawaru [******]
Gold:   6649       SH: 38    Dex: 23    Spells: 46/46 levels left

rFire   + + +        E - +9 quick blade (drain)
rCold   + + .        F - +9 tower shield of Situ {+Blink Fly rF+ Stlth+}
rNeg    . . .        b - +12 gold dragon scales
rPois   +            V - +2 helmet {SInv}
rElec   +            o - +4 dragonskin cloak
rCorr   .            Y - +3 pair of gauntlets of War {Slay+5}
SInv    +            l - +0 pair of boots "Ysa Hye" {Rampage Slay+3}
Will    ++++.        J - amulet of reflection
Stlth   +            z - ring "Soniob" {rPois Will+ EV+5 Str+5 Dex-5}
HPRegen 1.26/turn    X - ring "Muhebof" {Contam rF+ rC+ Dex+4}
MPRegen 0.26/turn

%: reflection, guardian spirit, rampage
@: flying
A: fangs 3, regeneration 1, magic shield, antimagic bite, no potion heal 2,
iridescent scales 1, clever 1, poison resistance, electricity resistance
0: Orb of Zot
}: 3/15 runes: decaying, silver, gossamer
a: Renounce Religion, Evoke Blink, Heroism, Finesse, Duel


You escaped.
You worshipped Okawaru.
Okawaru was exalted by your worship.
You visited 9 branches of the dungeon, and saw 47 of its levels.
You visited 1 bazaar.
You also visited: Ossuary, Bailey and Gauntlet.

You collected 9166 gold pieces.
You spent 2517 gold pieces at shops.

Inventory:

Hand Weapons
 a - the +10 war axe "Beastslayer" {drain, Drain rElec Will++ Dex+4}
   (Okawaru gifted it to you on level 14 of the Dungeon)

   Dex+4:     It affects your dexterity (+4).
   rElec:     It insulates you from electricity.
   Will++:    It greatly increases your willpower.
   Drain:     It drains your maximum health when unequipped.
 E - a +9 quick blade of draining (weapon)
Missiles
 N - 15 curare-tipped darts
Armour
 b - +12 gold dragon scales (worn)
 d - the +6 plate armour of Elus {rElec rC+ Will++ Str-2}
   (Okawaru gifted it to you on level 3 of the Realm of Zot)

   Str-2:     It affects your strength (-2).
   rC+:       It protects you from cold.
   rElec:     It insulates you from electricity.
   Will++:    It greatly increases your willpower.
 l - the +0 pair of boots "Ysa Hye" (worn) {Rampage Slay+3}
   (You bought it in a shop in a bazaar)

   Slay+3:    It affects your accuracy & damage with ranged weapons and melee
   (+3).
   Rampage:   It bestows one free step when moving towards enemies.
 o - the +4 dragonskin cloak (worn)
   (You took it off Tiamat on level 2 of the Realm of Zot)

   Avatar's Aegis: It grants the wearer a chance to resist fire, cold, poison,
   electricity, acid, and negative energy.
 C - the +2 cloak of Tiyhu {Rampage Fly rN+++ Int-3}
   (Okawaru gifted it to you on level 4 of the Depths)

   Int-3:     It affects your intelligence (-3).
   rN+++:     It renders you almost immune to negative energy.
   Fly:       It grants you flight.
   Rampage:   It bestows one free step when moving towards enemies.
 F - the +9 tower shield of Situ (worn) {+Blink Fly rF+ Stlth+}
   (Okawaru gifted it to you on level 2 of the Elven Halls)

   rF+:       It protects you from fire.
   Fly:       It grants you flight.
   +Blink:    It lets you blink.
   Stlth+:    It makes you more stealthy.
 V - a +2 helmet of see invisible (worn)
 Y - the +3 pair of gauntlets of War (worn) {Slay+5}
   (You bought it in a shop on level 7 of the Dungeon)

   Slay+5:    It affects your accuracy & damage with ranged weapons and melee
   (+5).
Jewellery
 e - the ring "Xummi" {rF+ rC+}
   (You acquired it in a bailey)

   [ring of protection from fire]

   rF+:       It protects you from fire.
   rC+:       It protects you from cold.
 v - a +5 ring of evasion
 y - a ring of positive energy
 z - the ring "Soniob" (left hand) {rPois Will+ EV+5 Str+5 Dex-5}
   (You found it on level 1 of the Depths)

   [ring of evasion]

   EV+5:      It affects your evasion (+5).
   Str+5:     It affects your strength (+5).
   Dex-5:     It affects your dexterity (-5).
   rPois:     It protects you from poison Will+: It increases your willpower.
 D - a ring of protection from fire
 H - a ring of resist corrosion
 J - an amulet of reflection (around neck)
 S - a +4 ring of protection
 U - an amulet of the acrobat
 X - the ring "Muhebof" (right hand) {Contam rF+ rC+ Dex+4}
   (You found it on level 3 of the Vaults)

   [ring of protection from fire]

   Dex+4:     It affects your dexterity (+4).
   rF+:       It protects you from fire.
   rC+:       It protects you from cold.
   Contam:    It causes magical contamination when unequipped.
Wands
 k - a wand of mindburst (17)
 p - a wand of digging (40)
 T - a wand of light (19)
 W - a wand of iceblast (53)
Scrolls
 f - 5 scrolls of fog
 n - 19 scrolls of teleportation
 t - 2 scrolls of enchant weapon
 u - 12 scrolls of immolation
 G - a scroll of brand weapon
 L - 12 scrolls of blinking
 M - 6 scrolls of poison
 O - a scroll of silence
 P - 2 scrolls of fear
 Q - 37 scrolls of identify
 Z - a scroll of enchant armour
Potions
 c - 10 potions of ambrosia
 g - 23 potions of curing
 h - 6 potions of cancellation
 i - 11 potions of magic
 j - 5 potions of resistance
 m - 20 potions of attraction
 q - 6 potions of haste
 w - 8 potions of might
 x - 4 potions of berserk rage
 A - 3 potions of enlightenment
 B - 5 potions of mutation
 K - 2 potions of invisibility
Miscellaneous
 s - a phial of floods
 I - a condenser vane
 R - a lightning rod (4/4)


   Skills:
 - Level 22.0 Fighting
 - Level 15.0 Short Blades
 - Level 21.0 Armour
 - Level 17.0 Dodging
 - Level 18.0 Stealth
 + Level 20.4 Shields
 - Level 10.0 Spellcasting
 - Level 16.0 Invocations
 - Level 8.0 Evocations


You had 46 spell levels left.
You didn't know any spells.
Your spell library contained the following spells:

 Spells                   Type           Power      Damage    Failure   Level
 Apportation              Tloc           14%        N/A       94%         1
 Freeze                   Ice            28%        1d5       94%         1
 Magic Dart               Conj           28%        1d4       94%         1
 Necrotise                Necr           28%        1d5       94%         1
 Shock                    Conj/Air       28%        1d4       94%         1
 Blink                    Tloc           14%        N/A       98%         2
 Cigotuvi's Dreadful Rot  Necr/Pois/Air  14%        N/A       98%         2
 Ensorcelled Hibernation  Hex/Ice        14%        N/A       98%         2
 Momentum Strike          Conj/Tloc      14%        3d8       98%         2
 Passwall                 Tmut/Erth      5%         N/A       98%         2
 Poisonous Vapours        Pois/Air       14%        N/A       98%         2
 Searing Ray              Conj           14%        2d5       98%         2
 Static Discharge         Conj/Air       14%        2-3/arc   98%         2
 Sublimation of Blood     Necr           7%         N/A       98%         2
 Wereblood                Tmut           7%         N/A       98%         2
 Dazzling Flash           Conj/Hex       14%        N/A       100%        3
 Frozen Ramparts          Ice            14%        1d3       100%        3
 Hailstorm                Conj/Ice       7%         3d4       100%        3
 Ignite Poison            Fire/Tmut/Pois 7%         N/A       100%        3
 Inner Flame              Hex/Fire       7%         N/A       100%        3
 Mephitic Cloud           Conj/Pois/Air  7%         N/A       100%        3
 Ozocubu's Armour         Ice            7%         N/A       100%        3
 Portal Projectile        Hex/Tloc       14%        N/A       100%        3
 Stone Arrow              Conj/Erth      14%        3d7       100%        3
 Swiftness                Air            7%         N/A       100%        3
 Teleport Other           Tloc           7%         N/A       100%        3
 Vhi's Electric Charge    Tloc/Air       14%        N/A       100%        3
 Volatile Blastmotes      Fire/Tloc      14%        2d11      100%        3
 Airstrike                Air            3%         2d(1-17)  100%        4
 Anguish                  Hex/Necr       3%         N/A       100%        4
 Cause Fear               Hex            3%         N/A       100%        4
 Dispel Undead            Necr           7%         3d8       100%        4
 Fulminant Prism          Conj/Hex       3%         3d5       100%        4
 Iskenderun's Mystic Bla  Conj/Tloc      7%         2d4       100%        4
 Leda's Liquefaction      Hex/Erth       3%         N/A       100%        4
 Manifold Assault         Tloc           7%         N/A       100%        4
 Petrify                  Tmut/Erth      7%         N/A       100%        4
 Sticky Flame             Conj/Fire      7%         2d3       100%        4
 Agony                    Necr           7%         N/A       100%        5
 Arcjolt                  Conj/Air       3%         1d13      100%        5
 Borgnjor's Vile Clutch   Necr/Erth      3%         N/A       100%        5
 Fireball                 Conj/Fire      3%         3d4       100%        5
 Freezing Cloud           Conj/Ice/Air   3%         6-21      100%        5
 Irradiate                Conj/Tmut      3%         3d12      100%        5
 Iskenderun's Battlesphe  Conj           7%         2d6       100%        5
 Lee's Rapid Deconstruct  Erth           3%         3d5*      100%        5
 Metabolic Englaciation   Hex/Ice        3%         N/A       100%        5
 Silence                  Hex/Air        3%         N/A       100%        5
 Yara's Violent Unravell  Hex/Tmut       3%         3d4       100%        5
 Conjure Ball Lightning   Conj/Air       3%         3x3d6     100%        6
 Leda's Unmaking          Conj/Erth      3%         9d1       100%        6
 Enfeeble                 Hex            3%         N/A       100%        7
 Orb of Destruction       Conj           3%         9d5       100%        7
 Borgnjor's Revivificati  Necr           3%         N/A       100%        8
 Disjunction              Tloc           3%         N/A       100%        8
 Ignition                 Fire           3%         3d4       100%        8
 Lehudib's Crystal Spear  Conj/Erth      3%         10d3      100%        8
 Maxwell's Capacitive Co  Air            3%         ∞         100%        8
 Chain Lightning          Conj/Air       3%         3d4       100%        9
 Death's Door             Necr           3%         N/A       100%        9
 Summon Small Mammal      Summ           Unusable   N/A       N/A         1
 Tukima's Dance           Hex            Unusable   N/A       N/A         3
 Animate Armour           Summ/Erth      Unusable   N/A       N/A         4
 Animate Dead             Necr           Unusable   N/A       N/A         4
 Summon Ice Beast         Ice/Summ       Unusable   N/A       N/A         4
 Summon Lightning Spire   Summ/Air       Unusable   N/A       N/A         4
 Death Channel            Necr           Unusable   N/A       N/A         6
 Simulacrum               Ice/Necr       Unusable   N/A       N/A         6
 Haunt                    Necr/Summ      Unusable   N/A       N/A         7
 Summon Hydra             Summ           Unusable   N/A       N/A         7
 Dragon's Call            Summ           Unusable   N/A       N/A         9

Dungeon Overview and Level Annotations

Branches:
Dungeon (15/15)            Temple (0/1) D:5            Lair (5/5) D:8
  Swamp (4/4) Lair:3       Spider (4/4) Lair:3        Slime (0/5) Lair:5
    Orc (2/2) D:10            Elf (3/3) Orc:2        Vaults (5/5) D:13
  Crypt (0/3) Vaults:3     Depths (4/4) D:15            Zot (5/5) Depths:4
Ossuary (visited)          Bailey (visited)         Gauntlet (visited)

Altars:
Elyvilon
Fedhas
Gozag
Kikubaaqudgha
Okawaru
Ru
Trog
Vehumet
Xom
Yredelemnul
The Shining One
Jiyva
Lugonu

Shops:
D:3 ?   D:7 [   D:9 (   Orc:2 ([:?   Elf:3 *

Portals:
Hell: Depths:1 Depths:2 Depths:3 Depths:4
Abyss: Depths:1* Depths:3
Pandemonium: Depths:2
Ziggurat: Depths:4

Annotations:
D:3 exclusions: downstairs and upstairs
D:5 exclusion: upstairs
D:8 exclusion: door


Innate Abilities, Weirdness & Mutations

You have razor-sharp teeth.
Your natural rate of healing is unusually fast.
When hurt, damage is shared between your health and your magic reserves.
Your bite disrupts and absorbs the magic of your enemies.
Potions cannot restore your health.
You are partially covered in iridescent scales. (AC +2)
Your mind is acute. (Int +4, Str/Dex -1)
Your system is resistant to poisons. (rPois)
You are resistant to electric shocks. (rElec)


Message History

The demonspawn warmonger claws you but does no damage.
You block the demonspawn warmonger's attack.
You hit the demonspawn warmonger but do no damage.
The demonspawn warmonger blocks your attack.
You puncture the demonspawn warmonger!
The demonspawn warmonger blocks your attack.
The demonspawn warmonger is lightly wounded.
You hit the demonspawn warmonger but do no damage.
You drain the demonspawn warmonger. You bite the demonspawn warmonger!
You drain its power.
You feel invigorated.
You hit the demonspawn warmonger but do no damage.
The demonspawn warmonger blocks your attack.
The demonspawn warmonger is moderately wounded.
You block the demonspawn warmonger's attack. x2
The demonspawn warmonger gores you but does no damage.
The demonspawn warmonger blocks your attack. x2
You hit the demonspawn warmonger. You bite the demonspawn warmonger.
You drain its power.
You feel invigorated.
The demonspawn warmonger is moderately wounded.
You block the demonspawn warmonger's attack. x3
The demonspawn warmonger blocks your attack.
You bite the demonspawn warmonger, but do no damage.
You hit the demonspawn warmonger. You drain the demonspawn warmonger.
Your bite misses the demonspawn warmonger.
The demonspawn warmonger is moderately wounded.
You puncture the demonspawn warmonger! You drain the demonspawn warmonger.
The demonspawn warmonger blocks your attack. x2
Your bite misses the demonspawn warmonger.
The demonspawn warmonger is heavily wounded.
You block the demonspawn warmonger's attack. x3
You impale the demonspawn warmonger!! You drain the demonspawn warmonger.
You bite the demonspawn warmonger!! You drain its power.
The demonspawn warmonger blocks your attack.
You bite the demonspawn warmonger.
You kill the demonspawn warmonger!
Okawaru accepts your kill.
No target in view!
You see here a +3 scythe of flaming.
There is a staircase leading out of the dungeon here.
You have escaped!

.#############.#############.#
.............................#
.........#.........#####...###
#.....############## #...#
#.#...# ###.# #.#...# #.#####
#.#...# #.....# #.#...# ####
#####.#
..#...##########@>############.#
###...#......................#.#
#...#.##..##......##..##...#.#
###...#........).............#.#
....###.######......######...#†##
....###.....)................#..#
......#.####################.##.#
....#...# #..#.. ....##### ##..#.


There were no monsters in sight!

Vanquished Creatures
  A pandemonium lord (Depths:3)
  4 dread liches
  Tiamat (Zot:2)
  3 ancient liches (Zot:5)
  8 orbs of fire
  Mara (Swamp:3)
  Mennas (Depths:2)
  2 juggernauts
  Bai Suzhen (Spider:3)
  Boris (twice) (Vaults:3 Depths:1)
  The ghost of Hacs the Ruinous, a veteran DgCj (Depths:1)
  Vv (Depths:4)
  10 Killer Klowns
  14 golden dragons
  Jory (Vaults:4)
  Norris (Vaults:4)
  Arachne (Spider:4)
  A bone dragon (Depths:4)
  2 hellephants
  4 electric golems
  3 doom hounds (Depths:3)
  A Hell Sentinel (Depths:4)
  25 Orb Guardians (Zot:5)
  A walking frostbound tome (Depths:3)
  22 tentacled monstrosities
  2 deep elf blademasters (Elf:3)
  Grunn (Depths:3)
  3 titans
  4 liches
  12 quicksilver dragons
  2 deep elf master archers (Elf:3)
  An Executioner (D:11)
  2 sphinxes
  8 death cobs
  A tentacled starspawn (Depths:1)
  8 tengu reavers
  Kirke (Lair:3)
  17 storm dragons
  2 thorn hunters (Swamp:4)
  Frances (D:12)
  10 draconian monks
  19 shadow dragons
  7 emperor scorpions
  4 deep elf sorcerers
  6 fire giants
  A rockslime (shapeshifter) (Vaults:5)
  A demonspawn warmonger (D:1)
  12 draconian knights
  3 frost giants (Depths:2)
  A balrug (Depths:4)
  6 draconian scorchers
  12 vault wardens
  The ghost of funaii the Eclecticist, an adept DESu of Sif Muna (Spider:3)
  2 iron dragons
  A cacodemon (Depths:1)
  3 deep elf elementalists (Elf:3)
  6 draconian shifters
  An angel (D:9)
  2 orc warlords
  18 ironbound preservers
  2 broodmothers (Spider:3)
  13 ghost moths
  3 draconian stormcallers
  44 very ugly things
  3 reapers
  9 draconian annihilators
  5 ironbound thunderhulks
  2 war gargoyles (Vaults:5)
  4 vampire knights
  16 stone giants
  3 formless jellyfish
  7 deep elf demonologists
  12 green draconians
  14 black draconians
  8 deep elf annihilators
  19 dire elephants
  17 spark wasps
  6 eleionomae
  8 red draconians
  15 yellow draconians
  7 bunyips
  10 white draconians
  2 lorocyprocas
  10 purple draconians
  A bunyip (shapeshifter) (Depths:3)
  8 ettins
  A green death (Depths:3)
  A minotaur (Gauntlet)
  2 shambling mangroves (Swamp:4)
  8 deep elf death magi
  8 fire dragons
  2 crystal guardians (Vaults:4)
  3 blizzard demons
  16 entropy weavers
  5 deep elf high priests
  A merfolk javelineer (Depths:3)
  12 yaktaur captains
  13 great orbs of eyes
  35 vault guards
  10 ice dragons
  A peacekeeper (Vaults:4)
  Harold (Lair:1)
  4 ogre magi
  A hydra (shapeshifter) (Vaults:5)
  10 ironbound frosthearts
  2 rakshasas
  5 spriggan air magi
  24 centaur warriors
  2 ghost crabs
  21 hydras
  A merfolk avatar (Lair:5)
  9 alligators
  4 jorogumos
  Erolcha (D:9)
  9 boulder beetles
  A radroach (Spider:2)
  A two-headed ogre (shapeshifter) (Vaults:5)
  4 tengu warriors
  13 two-headed ogres
  7 deep troll shamans
  29 dancing weapons
  7 hell hogs
  5 death yaks
  11 demonic crawlers
  10 deep troll earth magi
  2 orc high priests
  13 hell knights
  The ghost of Enfaeutchie the Markstengu, a journeyman TeHs of Gozag (Lair:2)
  4 spriggan berserkers
  6 soul eaters
  24 deep elf knights
  Nergalle (Lair:2)
  10 iron trolls
  2 sun demons (Depths:3)
  6 pharaoh ants
  A wretched star (Depths:1)
  A large abomination (Depths:3)
  3 goliath frogs
  A sea snake (Lair:5)
  5 skysharks
  43 deep trolls
  A death drake (Zot:2)
  A cherub (D:13)
  13 orb spiders
  A glowing orange brain (shapeshifter) (Vaults:5)
  A flayed ghost (Swamp:4)
  8 spriggan druids
  10 swamp dragons
  2 glowing orange brains (Depths:1)
  20 ironbound convokers
  3 spectral hydras (Swamp:4)
  4 bog bodies
  3 orc knights
  15 deep elf archers
  7 necromancers
  An obsidian statue (Zot:5)
  2 harpies (Lair:5)
  35 deep elf zephyrmancers
  3 phantasmal warriors (Vaults:5)
  8 wizards
  11 lindwurms
  9 steelbarb worms
  39 ugly things
  28 deep elf pyromancers
  4 manticores
  4 will-o-the-wisps
  12 orc sorcerers
  4 oklob plants
  19 wolf spiders
  2 cyclopes
  40 moths of wrath
  Maurice (Orc:2)
  15 elephants
  2 rust devils
  2 elephants (shapeshifter) (Vaults:5)
  15 vault sentinels
  3 black mambas
  2 water nymphs (shapeshifter) (Vaults:5)
  13 cane toads
  4 smoke demons (Depths:3)
  An ice statue (Lair:3)
  6 rime drakes
  An orange demon (Depths:2)
  7 torpor snails
  17 yaktaurs
  A komodo dragon (shapeshifter) (D:14)
  An efreet (D:13)
  3 freezing wraiths
  A hellion (Depths:3)
  8 komodo dragons
  7 unseen horrors
  3 tengu conjurers
  4 hydra zombies (Swamp:4)
  8 polar bears
  A red devil (Depths:2)
  7 meliai
  A tyrant leech (shapeshifter) (D:15)
  2 death drake zombies (Swamp:4)
  9 trolls
  18 tarantellas
  Grinder (D:5)
  8 hornets
  2 death drake skeletons (Swamp:4)
  6 tyrant leeches
  A snapping turtle (Lair:5)
  A hydra skeleton (Swamp:4)
  Prince Ribbit (D:5)
  21 blink frogs
  21 jumping spiders
  2 dream sheep (Lair:5)
  21 culicivoras
  23 slime creatures
  A shadow (D:11)
  6 wyverns
  2 wraiths
  3 air elementals
  Sigmund (D:2)
  11 water elementals
  17 spriggans
  9 humans
  51 yaks
  5 basilisks
  A yak (shapeshifter) (Vaults:5)
  2 basilisks (shapeshifter)
  A fire elemental (Elf:2)
  69 redbacks
  A fire bat (shapeshifter) (Elf:3)
  2 hogs (Lair:3)
  13 vampire mosquitoes
  2 neqoxecs
  A steam dragon (Lair:5)
  4 chaos spawn
  15 swamp worms
  Menkaure (D:7)
  2 wargs
  6 acid dragons
  14 water moccasins
  3 hydra simulacra (Swamp:4)
  12 swamp drakes
  5 black bears
  9 ice beasts
  26 orc warriors
  3 swamp dragon zombies (Swamp:4)
  3 ettin simulacra (Depths:2)
  7 boggarts
  10 ogres
  18 wolves
  20 centaurs
  4 kobold brigands
  14 bullfrogs
  2 gnoll sergeants
  6 earth elementals
  2 scorpions
  5 wights (D:10)
  7 killer bees
  An electric eel (Elf:3)
  12 howler monkeys
  A jelly (D:6)
  16 orc priests
  4 hounds
  3 sleepcaps
  An iguana (D:7)
  Ijyb (D:4)
  35 orc wizards
  4 hell rats
  12 mummies (Ossuary)
  24 gnolls
  11 adders
  3 shadow imps (D:8)
  4 white imps
  A worm (D:4)
  6 dart slugs
  82 orcs
  10 ball pythons
  8 endoplasms
  7 giant cockroaches
  18 goblins
  19 hobgoblins
  4 jackals
  7 quokkas
  A bat (D:2)
  2 frilled lizards (D:1)
  A gnoll skeleton (Ossuary)
  3 goblin skeletons (Ossuary)
  24 kobolds
  3 kobold skeletons (Ossuary)
  An orc skeleton (Ossuary)
  2 quokka zombies (D:6)
  5 rats
  11 rat skeletons (Ossuary)
  A lurking horror (Depths:1)
2289 creatures vanquished.

Vanquished Creatures (collateral kills)
  A jumping spider (Spider:4)
  A redback (Spider:4)
2 creatures vanquished.

Vanquished Creatures (others)
  A daeva (Depths:1)
  An ironbound preserver (Vaults:2)
  4 bloated husks
  An orc warrior (Elf:2)
  3 kobolds
  3 ball lightnings (Depths:1)
  8 foxfires
  2 starspawn tentacles (Depths:1)
23 creatures vanquished.

Grand Total: 2314 creatures vanquished

Notes
Turn   | Place    | Note
-------+----------+-------------------------------------------
     0 | D:1      | motkurizz the Vine Stalker Monk began the quest for the
                  | Orb.
     0 | D:1      | Reached XP level 1. HP: 11/11 MP: 2/2
   194 | D:1      | Reached XP level 2. HP: 12/16 MP: 3/3
   354 | D:1      | Found a faded altar of an unknown god.
   370 | D:1      | Prayed at the altar of an unknown god.
   370 | D:1      | Became a worshipper of Warmaster Okawaru
   370 | D:1      | Reached * piety under Okawaru
   370 | D:1      | Reached ** piety under Okawaru
   708 | D:2      | Reached skill level 1 in Spellcasting
   748 | D:2      | Found an opulent altar of Gozag.
   754 | D:2      | Reached skill level 3 in Fighting
   754 | D:2      | Reached XP level 3. HP: 20/20 MP: 5/5
   954 | D:2      | Reached skill level 1 in Invocations
   963 | D:2      | Gained mutation: Your natural rate of healing is unusually
                  | fast. [Vine Stalker growth]
   963 | D:2      | Reached XP level 4. HP: 24/24 MP: 6/6
   964 | D:2      | Noticed Sigmund
  1103 | D:3      | Reached *** piety under Okawaru
  1261 | D:3      | Found Etzuahi's Magic Scroll Emporium.
  1269 | D:3      | Bought a scroll of identify for 28 gold pieces
  1269 | D:3      | Bought a scroll of fear for 56 gold pieces
  1269 | D:3      | Bought a scroll of identify for 28 gold pieces
  1269 | D:3      | Bought a scroll of identify for 28 gold pieces
  1458 | D:4      | Reached XP level 5. HP: 27/28 MP: 7/7
  1494 | D:4      | Noticed an ogre
  1603 | D:2      | You fall into a shaft and drop 2 floors!
  1665 | D:4      | Reached skill level 1 in Armour
  1757 | D:4      | Noticed Ijyb
  1785 | D:4      | Killed Ijyb
  1786 | D:4      | Reached XP level 6. HP: 18/32 MP: 4/8
  1834 | D:5      | Entered Level 5 of the Dungeon
  1901 | D:5      | Reached skill level 4 in Fighting
  1901 | D:5      | Reached skill level 5 in Short Blades
  1913 | D:5      | Noticed Grinder
  1930 | D:5      | Killed Grinder
  1930 | D:5      | Reached **** piety under Okawaru
  1931 | D:5      | Reached XP level 7. HP: 26/38 MP: 5/9
  2417 | D:4      | Gained mutation: You have razor-sharp teeth. [Vine Stalker
                  | growth]
  2417 | D:4      | Reached XP level 8. HP: 39/42 MP: 9/11
  2690 | D:4      | Found an iron altar of Okawaru.
  2699 | D:4      | Reached skill level 5 in Fighting
  3077 | D:5      | Noticed Prince Ribbit
  3087 | D:5      | Killed Prince Ribbit
  3118 | D:5      | Got the Vademecum on Ouranomancy and Necromancy
  3206 | D:5      | Found a staircase to the Ecumenical Temple.
  3397 | D:5      | Reached ***** piety under Okawaru
  3427 | D:6      | Found a sand-covered staircase.
  3445 | Ossuary  | Entered an ossuary
  3496 | Ossuary  | Reached XP level 9. HP: 22/47 MP: 4/13
  4163 | D:6      | Reached skill level 6 in Fighting
  4640 | D:7      | Noticed Menkaure
  4649 | D:7      | Killed Menkaure
  4683 | D:7      | Found Wofer's Armour Shop.
  4819 | D:7      | Identified the +3 trident "Conint" {vamp, Dex+3}
  4906 | D:7      | Found a glowing golden altar of the Shining One.
  4928 | D:7      | Reached skill level 5 in Invocations
  5407 | D:8      | Reached skill level 5 in Dodging
  5449 | D:8      | Upgraded the game from 0.31-a0-557-g6e16503903 to
                  | 0.31-a0-564-g3b7de120b3
  5857 | D:8      | Reached XP level 10. HP: 51/53 MP: 14/14
  5881 | D:8      | Found the +4 skin of Zhor {*Englaciate rC+++ SInv}
  5900 | D:8      | Found a staircase to the Lair.
  6703 | D:9      | Reached skill level 7 in Fighting
  6711 | D:9      | Reached skill level 1 in Evocations
  6954 | D:9      | Found a flagged portal.
  6967 | Bailey   | Entered a bailey
  7356 | Bailey   | Noticed an orc knight
  7439 | Bailey   | an orc knight changed into a yak
  7460 | Bailey   | Reached skill level 1 in Stealth
  7484 | Bailey   | Noticed an orc knight
  7523 | Bailey   | Killed an orc knight
  7633 | Bailey   | Noticed an orc warlord
  7682 | Bailey   | Killed an orc warlord
  7710 | Bailey   | Noticed an orc knight
  7727 | Bailey   | Killed an orc knight
  7728 | Bailey   | Reached skill level 8 in Fighting
  7728 | Bailey   | Reached XP level 11. HP: 33/60 MP: 16/16
  7757 | Bailey   | Identified the +1 whip of Proximity {pain, rElec rC- rN+
                  | SInv}
  7776 | Bailey   | Acquired a manual of Stealth
  7801 | Bailey   | Acquired the ring "Xummi" {rF+ rC+}
  7879 | D:9      | Noticed Erolcha
  7893 | D:9      | Killed Erolcha
  7969 | D:9      | Found Utzoxkog's Weapon Shoppe.
  8340 | D:10     | Entered Level 10 of the Dungeon
  8352 | D:10     | Identified the +5 glaive of Piucs {antimagic, rPois rF-
                  | rCorr Dex+2} (Okawaru gifted it to you on level 10 of the
                  | Dungeon)
  8352 | D:10     | Received a gift from Okawaru
  8549 | D:10     | Reached skill level 5 in Stealth
  8698 | D:7      | Bought the +3 pair of gauntlets of War {Slay+5} for 570
                  | gold pieces
  8698 | D:7      | Found the +3 pair of gauntlets of War {Slay+5}
  8869 | Lair:1   | Entered Level 1 of the Lair of Beasts
  8908 | Lair:1   | Noticed Harold
  8948 | Lair:1   | Killed Harold
  8948 | Lair:1   | Reached ****** piety under Okawaru
  8948 | Lair:1   | Identified the +5 kite shield of Qifem {Dex+2} (Okawaru
                  | gifted it to you on level 1 of the Lair of Beasts)
  8948 | Lair:1   | Received a gift from Okawaru
  9017 | Lair:1   | Reached skill level 1 in Shields
  9077 | Lair:1   | Found a bloodstained altar of Trog.
  9251 | Lair:1   | Noticed a boulder beetle
  9285 | Lair:1   | Killed a boulder beetle
  9286 | Lair:1   | Reached skill level 9 in Fighting
  9626 | Lair:1   | Reached XP level 12. HP: 66/66 MP: 17/17
  9794 | Lair:1   | Reached skill level 10 in Short Blades
  9990 | Lair:2   | Reached skill level 10 in Stealth
 10020 | Lair:2   | Noticed a boulder beetle
 10043 | Lair:2   | Killed a boulder beetle
 10043 | Lair:2   | Received a gift from Okawaru
 10044 | Lair:2   | Reached skill level 5 in Shields
 10497 | Lair:2   | Noticed a six-headed hydra
 10510 | Lair:2   | Killed a six-headed hydra
 10569 | Lair:2   | Found a runed translucent door.
 10569 | Lair:2   | Found a shimmering altar of Xom.
 10569 | Lair:2   | Noticed Enfaeutchie's ghost (journeyman TeHs)
 10581 | Lair:2   | Noticed Nergalle
 10611 | Lair:2   | Killed Nergalle
 11329 | Lair:3   | Reached XP level 13. HP: 70/70 MP: 18/18
 11407 | Lair:3   | Found a hole to the Spider Nest.
 11449 | Lair:3   | Noticed Kirke
 11469 | Lair:3   | Identified the scarf of the Ten Princes {harm, rN+}
                  | (Okawaru gifted it to you on level 3 of the Lair of Beasts)
 11469 | Lair:3   | Received a gift from Okawaru
 11482 | Lair:3   | Killed Kirke
 11522 | Lair:3   | Found a staircase to the Swamp.
 11545 | Lair:3   | Reached skill level 15 in Stealth
 11706 | Lair:3   | Reached skill level 10 in Shields
 12461 | Lair:4   | Received a gift from Okawaru
 12578 | Lair:4   | Reached XP level 14. HP: 66/75 MP: 19/19
 12604 | Lair:4   | Found a transporter.
 12605 | Lair:4   | Found a transporter.
 13269 | Lair:5   | Entered Level 5 of the Lair of Beasts
 13425 | Lair:5   | Noticed a dire elephant
 13556 | Lair:5   | Found a staircase to the Slime Pits.
 13559 | Lair:5   | Found a viscous altar of Jiyva.
 13906 | Lair:5   | Received a gift from Okawaru
 14305 | Lair:5   | Reached skill level 10 in Fighting
 14316 | Lair:5   | Identified the +7 trident of Action {heavy, rN+ Dex+3}
 14345 | Lair:5   | Killed a dire elephant
 14919 | Lair:3   | Identified the +0 leather armour of Hedging {rPois Str+5
                  | Stlth-}
 14934 | Lair:3   | Identified the +1 dagger of Asotzice {freeze, rF+}
 15255 | D:3      | Bought a scroll of fog for 56 gold pieces
 15561 | D:10     | Found a staircase to the Orcish Mines.
 15586 | Orc:1    | Entered Level 1 of the Orcish Mines
 15629 | Orc:2    | Entered Level 2 of the Orcish Mines
 15805 | Orc:2    | Reached XP level 15. HP: 80/80 MP: 20/20
 15859 | Orc:2    | Noticed Maurice
 15866 | Orc:2    | Killed Maurice
 15970 | Orc:2    | Received a gift from Okawaru
 16012 | Orc:2    | Found a staircase to the Elven Halls.
 16347 | Orc:2    | Found Cumaoll's Magic Scroll Shoppe.
 16379 | Orc:2    | Found an ancient bone altar of Kikubaaqudgha.
 16419 | Orc:2    | Found a radiant altar of Vehumet.
 16491 | Orc:2    | Found Saruvor's Book Emporium.
 16498 | Orc:2    | Found Juzos's Antique Armour Shoppe.
 16511 | Orc:2    | Found Leffebat's Antique Weapon Shoppe.
 16516 | Orc:2    | Bought a spiked leather armour for 189 gold pieces
 16516 | Orc:2    | Identified the +1 leather armour "Arilaowko" {*Slow rF+
                  | Regen+ Str+2} (You bought it in a shop on level 2 of the
                  | Orcish Mines)
 16781 | Orc:2    | Bought a scroll of blinking for 112 gold pieces
 17147 | D:2      | Killed Sigmund
 17655 | D:10     | Found an ancient bone altar of Kikubaaqudgha.
 17961 | D:11     | Received a gift from Okawaru
 18805 | D:12     | Found a gate leading to a gauntlet.
 18817 | Gauntlet | Entered a Gauntlet
 18817 | Gauntlet | Found a transporter.
 18824 | Gauntlet | Found a transporter.
 18826 | Gauntlet | Found a transporter.
 18837 | Gauntlet | Found a transporter.
 18840 | Gauntlet | Found a transporter.
 18857 | Gauntlet | Found a transporter.
 18865 | Gauntlet | Found a transporter.
 18876 | Gauntlet | Found a transporter.
 18888 | Gauntlet | Found a transporter.
 18893 | Gauntlet | Found a transporter.
 18907 | Gauntlet | Found a transporter.
 18919 | Gauntlet | Found a transporter.
 18919 | Gauntlet | Found a transporter.
 18973 | Gauntlet | Found a transporter.
 19163 | Gauntlet | Got the Volume of Flinty Snow
 19164 | Gauntlet | Identified the ring of the Sun {Ice *Slow Str+2 Stlth+}
 19183 | Gauntlet | Identified the +5 chain mail of Okawaru's Supremacy {-Cast
                  | rPois Str+2}
 19201 | Gauntlet | Identified the +6 shortbow of Ambiguity {heavy, Will+ rCorr
                  | Str+4 Int-2}
 19202 | Gauntlet | Got the Meditations on Movement
 19212 | Gauntlet | Identified the +2 scale mail of the Hundredfold Deaths
                  | {*Corrode rPois Dex+2}
 19370 | D:12     | Noticed Frances
 19381 | D:12     | Killed Frances
 19381 | D:12     | Identified the +0 robe "Duxkaaly" {+Inv rC- Archmagi}
                  | (Okawaru gifted it to you on level 12 of the Dungeon)
 19381 | D:12     | Received a gift from Okawaru
 19855 | D:13     | Reached skill level 11 in Fighting
 20131 | D:13     | Found a gate to the Vaults.
 20178 | D:13     | Reached XP level 16. HP: 87/87 MP: 21/21
 20744 | D:14     | Found a sacrificial altar of Ru.
 21151 | D:14     | Identified the +10 war axe "Beastslayer" {drain, Drain
                  | rElec Will++ Dex+4} (Okawaru gifted it to you on level 14
                  | of the Dungeon)
 21151 | D:14     | Received a gift from Okawaru
 21390 | D:15     | Entered Level 15 of the Dungeon
 21764 | D:15     | Identified the +0 robe "Ebroxkong" {Will+ Dex+3 Archmagi}
 22075 | D:15     | Found a staircase to the Depths.
 22510 | Swamp:1  | Entered Level 1 of the Swamp
 22627 | Swamp:1  | Reached skill level 10 in Dodging
 23054 | Swamp:2  | Identified the +6 demon blade "Qahopp" {drain, *Corrode Fly
                  | MP+9 Stlth+} (Okawaru gifted it to you on level 2 of the
                  | Swamp)
 23054 | Swamp:2  | Received a gift from Okawaru
 23219 | Swamp:2  | Reached skill level 5 in Armour
 23648 | Swamp:3  | Identified the +0 hat of Gallantry {Str+2 Slay+3} (Okawaru
                  | gifted it to you on level 3 of the Swamp)
 23648 | Swamp:3  | Received a gift from Okawaru
 23871 | Swamp:3  | Reached skill level 12 in Fighting
 23942 | Swamp:3  | Reached XP level 17. HP: 93/93 MP: 24/24
 24036 | Swamp:3  | Noticed Mara
 24040 | Swamp:3  | Killed Mara
 24318 | Swamp:4  | Entered Level 4 of the Swamp
 24502 | Swamp:4  | Reached skill level 5 in Spellcasting
 24583 | Swamp:4  | Received a gift from Okawaru
 24717 | Swamp:4  | Got the Directory of Ghoulish Shaping
 24905 | Swamp:4  | Identified the +6 hand axe of Esuf {venom, rF+}
 25034 | Swamp:4  | Found a blossoming altar of Fedhas.
 25080 | Swamp:4  | Found a basalt altar of Yredelemnul.
 25275 | Swamp:4  | Got a decaying rune of Zot
 25454 | Lair:2   | Killed Enfaeutchie's ghost
 25588 | Spider:1 | Entered Level 1 of the Spider Nest
 25966 | Spider:1 | Reached XP level 18. HP: 99/99 MP: 16/26
 26077 | Spider:1 | Reached skill level 13 in Fighting
 26245 | Spider:1 | Received a gift from Okawaru
 27523 | Spider:3 | Found a runed translucent door.
 27526 | Spider:3 | Noticed funaii's ghost (adept DESu)
 27537 | Spider:3 | Reached skill level 10 in Armour
 27897 | Spider:3 | Noticed Bai Suzhen
 27907 | Spider:3 | Killed Bai Suzhen
 27907 | Spider:3 | Identified the scarf of the True Pharaoh {shadows, rF+
                  | rCorr} (Okawaru gifted it to you on level 3 of the Spider
                  | Nest)
 27907 | Spider:3 | Received a gift from Okawaru
 28610 | Spider:3 | Killed funaii's ghost
 28635 | Spider:4 | Entered Level 4 of the Spider Nest
 28880 | Spider:4 | Reached XP level 19. HP: 99/105 MP: 8/27
 28909 | Spider:4 | Reached skill level 14 in Fighting
 28995 | Spider:4 | Identified the +3 ring mail "Buinguc" {rN+} (Okawaru gifted
                  | it to you on level 4 of the Spider Nest)
 28995 | Spider:4 | Received a gift from Okawaru
 29453 | Spider:4 | Noticed Arachne
 29475 | Spider:4 | Killed Arachne
 29555 | Spider:4 | Identified the +1 hat of Cowardice {rF- rN+ Str+2 Dex+5}
 29573 | Spider:4 | Got a gossamer rune of Zot
 30208 | Vaults:1 | Entered Level 1 of the Vaults
 30359 | Vaults:1 | Identified the +2 pair of gloves "Cues Fydu" {rF+ SInv}
                  | (Okawaru gifted it to you on level 1 of the Vaults)
 30359 | Vaults:1 | Received a gift from Okawaru
 30389 | Vaults:1 | Reached skill level 15 in Fighting
 30851 | Vaults:1 | Reached XP level 20. HP: 114/114 MP: 28/28
 31059 | Vaults:1 | Identified the +7 falchion of a volcano {flame, rPois rF+
                  | Dex-4 Stlth+} (Okawaru gifted it to you on level 1 of the
                  | Vaults)
 31059 | Vaults:1 | Received a gift from Okawaru
 31153 | Vaults:1 | Reached skill level 16 in Fighting
 31639 | Vaults:2 | Received a gift from Okawaru
 32147 | Vaults:2 | Reached skill level 15 in Dodging
 32417 | Vaults:2 | Got the Handbook of Reconstruction and the Plateau
 32618 | Vaults:2 | Identified the +0 short sword of Argham {protect, rPois}
                  | (Okawaru gifted it to you on level 2 of the Vaults)
 32618 | Vaults:2 | Received a gift from Okawaru
 32701 | Vaults:3 | Reached skill level 17 in Fighting
 32847 | Vaults:3 | Identified the ring "Muhebof" {Contam rF+ rC+ Dex+4}
 32920 | Vaults:3 | Reached XP level 21. HP: 121/121 MP: 29/29
 32984 | Vaults:3 | Noticed Boris
 33004 | Vaults:3 | Killed Boris
 33182 | Vaults:3 | Found a staircase to the Crypt.
 33182 | Vaults:3 | Found a basalt altar of Yredelemnul.
 33182 | Vaults:3 | Found an ancient bone altar of Kikubaaqudgha.
 33190 | Vaults:3 | Identified the +0 pair of gloves of Olue {Regen+} (Okawaru
                  | gifted it to you on level 3 of the Vaults)
 33190 | Vaults:3 | Received a gift from Okawaru
 33708 | Vaults:4 | Found a flickering gateway to a bazaar.
 33717 | Bazaar   | Entered a bazaar
 33717 | Bazaar   | Found Zushiut's Magic Scroll Boutique.
 33728 | Bazaar   | Found Dapiuv's Antique Weapon Shoppe.
 33748 | Bazaar   | Found Vemioh's Book Boutique.
 33759 | Bazaar   | Found Ocokhloe's General Store.
 33767 | Bazaar   | Found Jutenk's Antique Armour Emporium.
 33775 | Bazaar   | Bought a pair of transparent boots for 256 gold pieces
 33775 | Bazaar   | Identified the +0 pair of boots "Ysa Hye" {Rampage Slay+3}
                  | (You bought it in a shop in a bazaar)
 33778 | Bazaar   | Reached XP level 22. HP: 128/128 MP: 30/30
 33803 | Bazaar   | Bought a faintly glowing leather armour for 189 gold pieces
 33803 | Bazaar   | Identified the +0 leather armour "Zadeuz" {Dex+2} (You
                  | bought it in a shop in a bazaar)
 33805 | Bazaar   | Bought a twisted scale mail for 243 gold pieces
 33805 | Bazaar   | Identified the +0 scale mail "Jenlyir" {Rampage Dex+5
                  | Slay+3} (You bought it in a shop in a bazaar)
 33852 | Bazaar   | Bought a scroll of enchant armour for 67 gold pieces
 33852 | Bazaar   | Bought 3 scrolls of enchant armour for 202 gold pieces
 33852 | Bazaar   | Bought a scroll of enchant armour for 67 gold pieces
 33854 | Bazaar   | Bought a scroll of fear for 36 gold pieces
 33969 | Vaults:4 | Noticed Jory
 33972 | Vaults:4 | Killed Jory
 34127 | Vaults:4 | Reached skill level 18 in Fighting
 34138 | Vaults:4 | Noticed Norris
 34152 | Vaults:4 | Killed Norris
 34802 | Depths:1 | Entered Level 1 of the Depths
 34829 | Depths:1 | Noticed Boris
 34840 | Depths:1 | Killed Boris
 34896 | Depths:1 | Found a transporter.
 35082 | Depths:1 | Identified the ring "Soniob" {rPois Will+ EV+5 Str+5 Dex-5}
 35129 | Depths:1 | Found a transporter.
 35130 | Depths:1 | Found a one-way gate to the infinite horrors of the Abyss.
 35251 | Depths:1 | Found a gateway to Hell.
 35323 | Depths:1 | Noticed a juggernaut
 35337 | Depths:1 | Killed a juggernaut
 35337 | Depths:1 | Identified the +0 ring mail "Lyamav" {Int+2} (Okawaru
                  | gifted it to you on level 1 of the Depths)
 35337 | Depths:1 | Received a gift from Okawaru
 35338 | Depths:1 | Found a white marble altar of Elyvilon.
 35404 | Depths:1 | Found a corrupted altar of Lugonu.
 35681 | Depths:1 | You fall into a shaft and drop 1 floor!
 35946 | Depths:2 | Reached skill level 19 in Fighting
 36004 | Depths:2 | Reached XP level 23. HP: 135/135 MP: 31/31
 36443 | Depths:2 | Received a gift from Okawaru
 36766 | Depths:2 | Found a one-way gate leading to the halls of Pandemonium.
 37169 | Depths:3 | Noticed Grunn
 37170 | Depths:3 | Noticed Mennas
 37216 | Depths:2 | Killed Mennas
 37245 | Depths:3 | Killed Grunn
 37585 | Depths:3 | Noticed a juggernaut
 37586 | Depths:3 | Noticed a golden dragon
 37659 | Depths:3 | Killed a golden dragon
 37671 | Depths:3 | Killed a juggernaut
 38059 | Depths:4 | Entered Level 4 of the Depths
 38194 | Depths:4 | Identified the +2 cloak of Tiyhu {Rampage Fly rN+++ Int-3}
                  | (Okawaru gifted it to you on level 4 of the Depths)
 38194 | Depths:4 | Received a gift from Okawaru
 38352 | Depths:4 | Noticed Vv
 38372 | Depths:4 | Killed Vv
 38404 | Depths:4 | Found a one-way gateway to a ziggurat.
 38496 | Depths:4 | Noticed a golden dragon
 38503 | Depths:4 | Killed a golden dragon
 38598 | Depths:4 | Reached XP level 24. HP: 122/142 MP: 31/31
 38687 | Depths:4 | Found a gate to the Realm of Zot.
 38813 | Depths:4 | Identified the +8 demon trident "Aloisis" {pain, *Corrode
                  | Str+4}
 39244 | Depths:3 | Identified the +1 demon blade of the Silent Majority {elec,
                  | rPois}
 39586 | Elf:1    | Entered Level 1 of the Elven Halls
 39606 | Elf:1    | Reached skill level 15 in Short Blades
 39938 | Elf:1    | Acquired a manual of Invocations
 40209 | Elf:2    | Reached skill level 20 in Fighting
 40500 | Elf:2    | Found a runed translucent gate.
 40529 | Elf:2    | Found a runed translucent gate.
 40530 | Elf:2    | Found a runed translucent gate.
 40889 | Elf:2    | Identified the +9 tower shield of Situ {+Blink Fly rF+
                  | Stlth+} (Okawaru gifted it to you on level 2 of the Elven
                  | Halls)
 40889 | Elf:2    | Received a gift from Okawaru
 40891 | Elf:2    | Reached skill level 15 in Armour
 41215 | Elf:3    | Entered Level 3 of the Elven Halls
 41238 | Elf:3    | Reached skill level 10 in Invocations
 41374 | Elf:3    | Acquired a manual of Armour
 41525 | Elf:3    | Identified the +0 scale mail of the Swamp {Str+2}
 41693 | Elf:3    | Found Houfimo's General Store.
 41698 | Elf:3    | Bought a potion of invisibility for 120 gold pieces
 41698 | Elf:3    | Bought 3 scrolls of fog for 180 gold pieces
 41698 | Elf:3    | Bought 2 potions of curing for 90 gold pieces
 42540 | Elf:3    | Identified the ring "Lijeesem" {Wiz Drain Will++}
 42557 | Elf:3    | Reached XP level 25. HP: 147/147 MP: 32/32
 42579 | Elf:3    | Identified the +8 battleaxe of Quhy {protect, rElec rF-
                  | Int+2}
 42794 | Elf:3    | Found the +8 longbow "Zephyr" {speed, Dex+3 SInv}
 42958 | Elf:3    | Identified the +3 shortbow "Kacoitu" {heavy, Will+ Dex-3
                  | SInv}
 42977 | Elf:3    | Identified the staff "Utoogroi" {rF+ Dex+2 Fire}
 43007 | Elf:3    | Got the Notes on Striking
 43623 | Depths:1 | Noticed Hacs's ghost (veteran DgCj)
 43702 | Depths:1 | Reached skill level 15 in Shields
 43902 | Depths:1 | Killed Hacs's ghost
 44295 | Depths:2 | Identified the +5 rapier of Truth {vamp, *Slow rPois Will-
                  | Dex+8} (Okawaru gifted it to you on level 2 of the Depths)
 44295 | Depths:2 | Received a gift from Okawaru
 44591 | Vaults:5 | Entered Level 5 of the Vaults
 44929 | Vaults:5 | Received a gift from Okawaru
 45436 | Vaults:5 | Identified the +1 scale mail of Conscience {Int+2} (Okawaru
                  | gifted it to you on level 5 of the Vaults)
 45436 | Vaults:5 | Received a gift from Okawaru
 45478 | Vaults:5 | Identified the +1 flail of the Iron City of Dis {pain,
                  | rPois Str+3}
 45508 | Vaults:5 | Reached XP level 26. HP: 153/153 MP: 34/34
 45544 | Vaults:5 | Noticed a dread lich
 45557 | Vaults:5 | Killed a dread lich
 45717 | Vaults:5 | Got a silver rune of Zot
 46553 | Zot:1    | Entered Level 1 of the Realm of Zot
 46862 | Zot:1    | Identified the +9 halberd of Valour {spect, Will+ Str-4
                  | SInv Stlth+}
 47391 | Zot:2    | Noticed a Killer Klown
 47407 | Zot:2    | Received a gift from Okawaru
 47425 | Zot:2    | Killed a Killer Klown
 47444 | Zot:2    | Noticed a Killer Klown
 47472 | Zot:2    | Killed a Killer Klown
 47581 | Zot:2    | Noticed a Killer Klown
 47590 | Zot:2    | Killed a Killer Klown
 47752 | Zot:2    | Reached XP level 27. HP: 155/158 MP: 34/34
 47760 | Zot:2    | Found the +4 dragonskin cloak
 47760 | Zot:2    | Noticed Tiamat
 47774 | Zot:2    | Reached skill level 21 in Fighting
 47795 | Zot:2    | Received a gift from Okawaru
 47814 | Zot:2    | Killed Tiamat
 48098 | Zot:2    | Identified the +1 leather armour of Disguise {Rampage rElec
                  | Dex-5}
 48109 | Zot:2    | Identified the +5 mace "Noistev" {pain, rF+ rC- rCorr SInv}
 48196 | Zot:2    | Identified the +5 rapier of the Scroll {vamp, *Slow rC+
                  | rCorr Dex+2}
 48943 | Zot:3    | Reached skill level 22 in Fighting
 49141 | Zot:3    | Identified the +6 plate armour of Elus {rElec rC+ Will++
                  | Str-2} (Okawaru gifted it to you on level 3 of the Realm of
                  | Zot)
 49141 | Zot:3    | Received a gift from Okawaru
 49415 | Zot:4    | Noticed an orb of fire
 49551 | Zot:4    | Reached skill level 5 in Evocations
 49554 | Zot:4    | Noticed an orb of fire
 49563 | Zot:4    | Gained mutation: You are dopey. (Int -2) [an orb of fire]
 49578 | Zot:4    | Killed an orb of fire
 49778 | Zot:4    | Reached skill level 15 in Invocations
 50323 | Zot:5    | Entered Level 5 of the Realm of Zot
 50471 | Zot:5    | Noticed an orb of fire
 50479 | Zot:5    | Killed an orb of fire
 50627 | Zot:5    | Received a gift from Okawaru
 50637 | Zot:5    | Noticed a dread lich
 50637 | Zot:5    | Noticed an ancient lich
 50654 | Zot:5    | Killed a dread lich
 50657 | Zot:5    | Killed an ancient lich
 50759 | Zot:5    | Noticed an orb of fire
 50763 | Zot:5    | Noticed an orb of fire
 50776 | Zot:4    | Killed an orb of fire
 50779 | Zot:5    | Noticed an orb of fire
 50782 | Zot:5    | Noticed an orb of fire
 50790 | Zot:5    | Killed an orb of fire
 50794 | Zot:5    | Killed an orb of fire
 50801 | Zot:5    | Noticed a dread lich
 50802 | Zot:5    | Killed an orb of fire
 50805 | Zot:5    | Noticed an ancient lich
 50810 | Zot:5    | Killed a dread lich
 50810 | Zot:5    | Received a gift from Okawaru
 50811 | Zot:5    | Reached skill level 10 in Spellcasting
 50813 | Zot:5    | Killed an ancient lich
 50828 | Zot:5    | Noticed an orb of fire
 50840 | Zot:5    | Killed an orb of fire
 50841 | Zot:5    | Noticed an orb of fire
 50841 | Zot:5    | Noticed an ancient lich
 50862 | Zot:5    | Gained mutation: You are clumsy. (Dex -2) [an orb of fire]
 50865 | Zot:5    | Killed an orb of fire
 50878 | Zot:5    | Killed an ancient lich
 50892 | Zot:5    | Noticed a dread lich
 50904 | Zot:5    | Killed a dread lich
 50905 | Zot:5    | Lost mutation: You are clumsy. (Dex -2) [potion of
                  | mutation]
 50905 | Zot:5    | Lost mutation: You are dopey. (Int -2) [potion of mutation]
 50905 | Zot:5    | Gained mutation: Your system is resistant to poisons.
                  | (rPois) [potion of mutation]
 50905 | Zot:5    | Gained mutation: Your mind is acute. (Int +4, Str/Dex -1)
                  | [potion of mutation]
 50905 | Zot:5    | Gained mutation: You are partially covered in iridescent
                  | scales. (AC +2) [potion of mutation]
 50905 | Zot:5    | Gained mutation: You are resistant to electric shocks.
                  | (rElec) [potion of mutation]
 50969 | Zot:5    | Identified the +5 tower shield of Charmed Contentment
                  | {Int+7} (Okawaru gifted it to you on level 5 of the Realm
                  | of Zot)
 50969 | Zot:5    | Received a gift from Okawaru
 51399 | Zot:5    | Got the Orb of Zot
 51659 | Depths:3 | Noticed Buoc the pandemonium lord
 51687 | Depths:3 | Killed Buoc the pandemonium lord
 52204 | D:$      | Escaped with the Orb!

Illustrated notes

Levels and vault maps discovered:
D:1:      dpeg_arrival_line_fractal, layout_basic, basic_ecumenical_altar,
          roderic_lattice_a, amcnicky_mini_pool_small
D:2:      layout_basic, basic_altar, nicolae_concentric_dashed_squares_mild,
          minmay_hexomino_c4, uniq_sigmund
D:3:      layout_rooms, serial_shops, nicolae_shop_gibbet_a_chance,
          hangedman_decor_riveting
D:4:      minmay_thinvault, layout_rooms,
          hellmonk_okawaru_the_only_friend_you_need, kennysheep_generic_room_4,
          uniq_ijyb
D:5:      layout_loops_ring, temple_statues, uniq_grinder, uniq_prince_ribbit1
D:6:      layout_gridville, enter_ossuary_4,
          hangedman_abyss_or_decor_lesser_grid, minmay_misc_feat_hallway,
          corexii_shack
D:7:      layout_basic, lemuel_crystal_altar, serial_shops, shop, uniq_menkaure
D:8:      layout_layer_cave, lair_entry_dummy, serial_rivers,
          chequers_serial_rivers_micro_a, chequers_serial_rivers_small_3,
          chequers_serial_rivers_large_a, chequers_serial_rivers_micro_e,
          chequers_serial_rivers_micro_d, chequers_serial_rivers_large_b,
          hellmonk_guarded_unrand_zhor
D:9:      layout_basic, enter_bailey_3, serial_shops,
          nicolae_shop_bloodbath_and_beyond, uniq_erolcha
D:10:     layout_loops_cross, general_overflow_altar, orc_0_dummy
D:11:     layout_loops_corners, grunt_potential
D:12:     layout_irregular_city, gauntlet_entry_generic,
          kb_lookout_dungeons_type, uniq_frances
D:13:     layout_loops_corners, david_vaults_1
D:14:     layout_irregular_city, nicolae_ru_path_of_blood
D:15:     gammafunk_enter_depths_forms, layout_long_grid
Lair:1:   layout_cave_pods, basic_altar, uniq_harold
Lair:2:   layout_regular_city, ebering_ghost_xom, minivault_19, uniq_nergalle
Lair:3:   kb_forest_paths, layout_big_grid, skrybe_swamp_entry_bodies,
          hellmonk_spider_entry_not_the_bees, ice2_lemuel, serial_bayou_shore_b,
          uniq_kirke
Lair:4:   gammafunk_boulding_lane, layout_loops_ring,
          nicolae_quartered_pool_super, minmay_lair_oklob_items,
          grunt_forest_large_clearings
Lair:5:   gammafunk_lair_ancient_temple, layout_hall_layers, slime_entry_1,
          nicolae_lair_grove_arrangements, infiniplex_staircase_pool,
          serial_bayou_shore_b
Swamp:1:  layout_basic_swamp, evilmike_swamp_ruin_house_3, swamp_pool5
Swamp:2:  layout_falls_marsh, serial_swamp_ruin, evilmike_swamp_ruin_house_4,
          evilmike_swamp_ruin_house_2, swamp_pool3, st_swamp_ruins_1
Swamp:3:  layout_basic_swamp, nicolae_swamp_tree_designs, swamp_pool4,
          st_swamp_ruins_2, uniq_mara
Swamp:4:  byrel_swamp_growth_death_and_undeath, layout_basic_swamp, swamp_pool3
Spider:1: layout_chambers
Spider:2: layout_spider_delve
Spider:3: nicolae_spider_hilbert_zone_3 [nicolae_spider_hilbert_4_sides_2_open,
          nicolae_spider_hilbert_3_sides_1_open,
          nicolae_spider_hilbert_3_sides_1_open,
          nicolae_spider_hilbert_3_sides_1_open,
          nicolae_spider_hilbert_3_sides_1_open,
          nicolae_spider_hilbert_4_sides_1_open,
          nicolae_spider_hilbert_4_sides_1_open,
          nicolae_spider_hilbert_4_sides_1_open,
          nicolae_spider_hilbert_4_sides_1_open,
          nicolae_spider_hilbert_4_sides_1_open,
          nicolae_spider_hilbert_4_sides_1_open,
          nicolae_spider_hilbert_4_sides_1_open,
          nicolae_spider_hilbert_4_sides_1_open,
          nicolae_spider_hilbert_3_sides_1_open,
          nicolae_spider_hilbert_3_sides_1_open,
          nicolae_spider_hilbert_3_sides_1_open,
          nicolae_spider_hilbert_3_sides_1_open], ebering_ghost_inner_flame,
          uniq_bai_suzhen
Spider:4: johnstein_spider_rune_arachne_lair
Orc:1:    layout_diamond_mine
Orc:2:    kennysheep_orc_mage_school, layout_caves, uniq_maurice
Elf:1:    elf_arrival_002, layout_geoelf_octagon, minmay_elf_demonology,
          grunt_ministairs_1
Elf:2:    nicolae_elf_blades_splatter_lattice
          [nicolae_blade_entry_diamond_columns], layout_gridlike,
          nicolae_elf_vaults_five_recruitment_drive
Elf:3:    grunt_elf_hall_asides, layout_geoelf_castle, serial_shops,
          nicolae_shop_hallway_plus, st_stairs_8
Vaults:1: nicolae_vaults_branching_niches, grunt_vaults_diagonal,
          nicolae_vaults_trapezoid_4, nicolae_vaults_closet_pinwheel_2,
          ontoclasm_vaults_ring_square, vaults_room_grunt_arrival_ludios,
          v_misc_19, ontoclasm_vaults_ring_square, vaults_dpeg_cross, v_misc_13,
          nicolae_vaults_storage_closets_1, nicolae_vaults_tetromino_Z_2,
          nicolae_vaults_border_crossing, layout_vaults_ring
Vaults:2: nicolae_vaults_mitosis, nicolae_vaults_angled_halls,
          nicolae_vaults_closet_pinwheel_3, v_misc_30, vaults_room_grid,
          nicolae_vaults_puzzle_piece, nicolae_vaults_storage_room_glass,
          nicolae_vaults_windows_and_doors_thing, ontoclasm_vaults_ligature,
          vaults_dpeg_spiral, nicolae_vaults_double_plus_1,
          layout_vaults_omnibox
Vaults:3: minmay_crypt_entry_necro_gods, hangedman_vaults_capsules,
          ontoclasm_vaults_gateway, nicolae_vaults_oval_intersection,
          nicolae_vaults_gold_heap, hangedman_vaults_impose,
          nicolae_vaults_trapezoid_3, v_misc_33,
          nicolae_vaults_door_testing_chamber, nicolae_vaults_diamond_1,
          vaults_room_pool, layout_vaults_omnicross, uniq_boris
Vaults:4: hangedman_vaults_stream, v_misc_22, nicolae_vaults_house_1,
          nicolae_vaults_trapezoid_2, nicolae_vaults_trapezoid_layered,
          layout_vaults_big_room, serial_shops, freezing_bzr, uniq_norris,
          uniq_jory
Vaults:5
Depths:1: layout_basic, gammafunk_ghost_abyssal_escape, abyss_entry_flame_altar,
          elyvilon_altar_5, hangedman_coc_ice_floe, kennysheep_cross_room,
          ebering_dispersal_statue_hall, lemuel_flamethrower_3
Depths:2: hangedman_elemental_death_ray, layout_gridlike,
          rand_demon_pan_entry_9, hell_entry, serial_glass, glass_columns_b,
          glass_columns_a, glass_columns_b, glass_columns_a, glass_columns_a,
          glass_columns_b, feat_on_display, minmay_strange_pillars,
          due_unseen_surprise, kennysheep_generic_room_9,
          minmay_staircase_bubble
Depths:3: hourglass_vault, layout_cave_shapes, chequers_big_river, hellmouth_2,
          abyss_entry_crystal, infiniplex_staircase_door_maze, uniq_grunn,
          uniq_mennas
Depths:4: evilmike_zot_entry_hall, layout_gridville, enter_ziggurat_b,
          hellmouth_1, serial_bayou_shore_a, serial_bayou_shore_b, uniq_vv
Zot:1:    layout_onion_interference, st_small_dragon_hoard_5,
          guppyfry_library_mini
Zot:2:    grunt_zot_stairs_faceoff, layout_gridville, st_grand_hoard_of_tiamat
Zot:3:    circus_mu, layout_onion_interference
Zot:4:    kennysheep_blocky_hall, layout_twisted_circle, evilmike_ambush
          [evilmike_ambush_outer_doors, evilmike_ambush_inner_pond]
Zot:5:    layout_onion, skrybe_zot_glass_2

Skill      XL: |  1  2  3  4  5  6  7  8  9 10 11 12 13 14 15 16 17 18 19 20 21 22 23 24 25 26 27 |
---------------+----------------------------------------------------------------------------------+-----
Short Blades   | 3 4 5 6 7 8 9 10 11 13 14 15 | 15.0
Spellcasting   | 1 2 4 5 7 10 | 10.0
Fighting       | 3 4 5 6 8 9 10 11 12 13 15 17 19 20 22 | 22.0
Invocations    | 1 2 3 5 6 11 13 14 16 | 16.0
Armour         | 1 2 3 4 5 8 11 12 13 14 15 18 20 21 | 21.0
Dodging        | 3 5 6 7 8 9 10 11 12 13 15 16 17 | 17.0
Evocations     | 2 4 8 |  8.0
Stealth        | 3 8 13 17 18 | 18.0
Shields        | 3 8 10 11 12 13 14 16 17 20 | 20.4

Action                     |  1- 3 |  4- 6 |  7- 9 | 10-12 | 13-15 | 16-18 | 19-21 | 22-24 | 25-27 || total
---------------------------+-------+-------+-------+-------+-------+-------+-------+-------+-------++-------
  Melee: Short sword       |   102 |    13 |   196 |   673 |   717 |       |       |       |       ||  1701
         Bite              |    36 |    42 |   201 |   395 |   644 |   885 |   830 |   972 |  2052 ||  6057
         Dagger            |       |   117 |   239 |   117 |       |       |       |       |       ||   473
         Quick blade       |       |       |       |       |   670 |  1688 |  1418 |  1547 |  3111 ||  8434
  Throw: Stone             |     7 |       |       |       |       |       |       |       |       ||     7
         Dart              |       |       |       |    30 |       |       |       |       |       ||    30
 Invoke: Heroism           |       |     2 |     3 |     5 |     1 |     1 |       |     6 |    15 ||    33
         Finesse           |       |       |       |     1 |     1 |       |       |     2 |    10 ||    14
  Evoke: Wand              |       |     1 |     9 |    14 |     1 |    18 |     3 |    10 |     1 ||    57
         Lightning rod     |       |       |       |       |       |     4 |     5 |     7 |     4 ||    20
         Condenser vane    |       |       |       |       |       |       |     2 |     2 |     2 ||     6
         Phial of floods   |       |       |       |       |       |       |     1 |       |     1 ||     2
    Use: Scroll            |       |     4 |    13 |     5 |     9 |     2 |     7 |    11 |    24 ||    75
         Potion            |       |       |       |       |     8 |     1 |     1 |     2 |     5 ||    17
   Stab: Sleeping          |       |       |     1 |     5 |    66 |    54 |    38 |    38 |     4 ||   206
         Invisible         |       |       |       |     7 |     1 |     2 |       |     1 |     1 ||    12
         Distracted        |       |       |       |     3 |     7 |     6 |     3 |    16 |     1 ||    36
         Confused          |       |       |       |       |       |     1 |     1 |       |       ||     2
         Fleeing           |       |       |       |       |       |       |       |     1 |       ||     1
 Armour: Robe              |     3 |       |    27 |    15 |       |       |       |       |       ||    45
         Ring mail         |    10 |    23 |    31 |       |       |       |       |       |       ||    64
         Animal skin       |       |       |       |    15 |    49 |     7 |    40 |       |       ||   111
         Chain mail        |       |       |       |       |       |   223 |    78 |       |       ||   301
         Scale mail        |       |       |       |       |       |       |       |    59 |       ||    59
         Gold dragon scale |       |       |       |       |       |       |       |       |   265 ||   265
  Dodge: Dodged            |    42 |    59 |   155 |   188 |   171 |   383 |   308 |   266 |   352 ||  1924
  Block: Orb               |       |       |    13 |    25 |       |       |       |       |       ||    38
         Reflection        |       |       |     2 |       |    40 |    23 |    35 |    34 |    44 ||   178
         Kite shield       |       |       |       |   163 |   630 |   895 |   646 |   512 |       ||  2846
         Tower shield      |       |       |       |       |       |       |       |    46 |  1380 ||  1426

Table legend: (Time is in decaauts)
 A = Elapsed time spent in this place.
 B = Non-inter-level travel time spent in this place.
 C = Inter-level travel time spent in this place.
 D = Time resting spent in this place.
 E = Time spent auto-exploring this place.
 F = Levels seen in this place.
 G = Mean time per level.
                   A        B        C        D        E       F      G
               +--------+--------+--------+--------+--------+-----+--------+
         Total |  49589 |  43008 |   6581 |   1093 |  28722 |  51 |  972.3 |
       Dungeon |  14141 |  11282 |   2859 |     31 |   8768 |  15 |  942.7 |
          Lair |   6140 |   5431 |    709 |     45 |   3528 |   5 | 1228.0 |
         Swamp |   2860 |   2725 |    135 |      8 |   1821 |   4 |  715.0 |
   Spider Nest |   4109 |   3866 |    243 |    163 |   2735 |   4 | 1027.2 |
  Orcish Mines |   1404 |   1118 |    286 |    105 |    661 |   2 |  702.0 |
   Elven Halls |   3661 |   3187 |    474 |    332 |   1713 |   3 | 1220.3 |
        Vaults |   5678 |   5165 |    513 |     78 |   3392 |   5 | 1135.6 |
        Depths |   5560 |   4537 |   1023 |    291 |   2842 |   4 | 1390.0 |
           Zot |   4364 |   4029 |    335 |     24 |   2593 |   5 |  872.8 |
        Bazaar |    203 |    203 |      0 |      0 |     47 |   1 |  203.0 |
       Ossuary |    341 |    341 |      0 |      0 |    237 |   1 |  341.0 |
        Bailey |    695 |    695 |      0 |     13 |    131 |   1 |  695.0 |
      Gauntlet |    428 |    428 |      0 |      0 |    253 |   1 |  428.0 |
               +--------+--------+--------+--------+--------+-----+--------+

Top non-repeatable levels by time:
   Elf:3: 1979 daAuts
     D:8: 1841 daAuts
Depths:1: 1578 daAuts
Depths:3: 1473 daAuts
Vaults:5: 1414 daAuts
  Lair:3: 1387 daAuts
Spider:3: 1385 daAuts
   Zot:2: 1374 daAuts
Depths:4: 1367 daAuts
  Lair:5: 1320 daAuts
Vaults:1: 1294 daAuts
     D:4: 1245 daAuts
  Lair:2: 1190 daAuts
    D:13: 1144 daAuts
  Lair:1: 1142 daAuts
